AoeStats
← Dope Ass Name

Black Forest

504381484Analyzed
1v1 RM · 28d ago on Sep 5, 2026· 34m 16s· 2 players
Game mode
Random Map
Map size
Tiny (2 player)
Population
200
Speed
Normal
Resources
Standard
Victory
Conquest
Starting age
Dark Age
Ending age
Imperial Age
RankedLock teamsTeams togetherTeam positionsShared explorationLock speedFull tech treeHidden civsTurbo modeCheats
Victory
Defeat
🇹🇼 Britons · Taiwan
833
+14
🇺🇸 Bulgarians · United States
789
-14
Dope Ass Name
4:17 Loom
13:29 Feudal Age
14:00 Double-Bit Axe
19:13 Castle Age
19:03 Fletching
20:32 Stone Mining
20:56 Bodkin Arrow
24:29 Gold Mining
25:10 Scale Barding Armor
28:42 Horse Collar
29:30 Bow Saw
30:15 Heavy Plow
31:45 Wheelbarrow
32:21 Ballistics
34:41 Stone Shaft Mining
35:05 Chain Barding Armor
Tiennn
1:18 Loom
14:37 Feudal Age
16:44 Double-Bit Axe
20:19 Castle Age
18:24 Horse Collar
19:57 Gold Mining
24:49 Fletching
25:35 Bow Saw
29:41 Bodkin Arrow
30:58 Wheelbarrow
34:02 Imperial Age
34:25 Yeomen
34:28 Bodkin Arrow
34:33 Padded Archer Armor
34:00 Pikeman
35:09 Conscription
Connection lost

Rejoining the realm…

Still unreachable

The connection could not be restored.

Session expired

The server has moved on; the page needs a fresh start.